 Dungeon Crawl Stone Soup version 0.28-a0-1206-g193881aaa2 (webtiles) character file.

Game seed: 16164826855253160265

82 browni3141 the Gusty (level 4, -2/30 HPs)
             Began as a Human Air Elementalist on Dec 20, 2021.
             Slain by a phantom (6 damage)
             ... on level 3 of the Dungeon.
             The game lasted 00:10:45 (3349 turns).

browni3141 the Gusty (Human Air Elementalist)       Turns: 3349, Time: 00:10:46

Health: -2/30      AC:  3    Str:  8    XL:     4   Next: 70%
Magic:  3/7        EV: 12    Int: 17    God:
Gold:   84         SH:  0    Dex: 14    Spells: 1/7 levels left

rFire   . . .      SeeInvis .   o - +2 dagger (speed)
rCold   . . .      Faith    .   (no shield)
rNeg    . . .      Spirit   .   a - +0 robe
rPois   .          Reflect  .   (no helmet)
rElec   .          Harm     .   (no cloak)
rCorr   .          Rampage  .   (no gloves)
Will    .....                   j - +0 pair of boots
Stlth   ++........              (no amulet)
HPRegen 0.10/turn               (no ring)
MPRegen 0.10/turn               (no ring)

@: sluggish, very slow
A: no striking features
a: no special abilities


You were on level 3 of the Dungeon.
You visited 1 branch of the dungeon, and saw 4 of its levels.

You collected 84 gold pieces.

Inventory:

Hand Weapons
 d - a +0 dagger
 n - a +0 dagger of speed
 o - a +2 dagger of speed (weapon)
 s - a +0 hunting sling
Missiles
 e - 64 stones
 f - 75 sling bullets
Armour
 a - a +0 robe (worn)
 j - a +0 pair of boots (worn)
Scrolls
 b - 2 scrolls of amnesia {unknown}
 i - 4 scrolls of teleportation {unknown}
 k - a scroll of identify {unknown}
 p - a scroll of fear {unknown}
 r - a scroll of silence {unknown}
Potions
 c - 2 potions of might {unknown}
 g - a potion of degeneration {unknown}
 h - a potion of resistance {unknown}
 l - a potion of mutation {unknown}
 m - 2 potions of lignification {unknown}
 q - a potion of curing {unknown}


   Skills:
 - Level 2.0 Dodging
 - Level 2.0 Stealth
 - Level 2.0 Spellcasting
 - Level 1.0 Conjurations
 * Level 5.1 Air Magic


You had one spell level left.
You knew the following spells:

 Your Spells              Type           Power      Damage    Failure   Level
a - Shock                 Conj/Air       48%        1d6       5%          1
b - Static Discharge      Conj/Air       12%        N/A       9%          2
c - Swiftness             Air            19%        N/A       7%          3

Your spell library contained the following spells:

 Spells                   Type           Power      Damage    Failure   Level
 Apportation              Tloc           2%         N/A       19%         1
 Airstrike                Air            9%         N/A       24%         4
 Alistair's Intoxication  Tmut/Pois      0%         N/A       99%         5


Dungeon Overview and Level Annotations

Branches:
Dungeon (4/15)
 Temple: D:4-7

Altars:

Shops:
D:3 *


Message History

Casting: Shock (safe; 5% risk of failure)
Confirm with . or Enter, or press ? or * to list all spells.
The spell is quite dangerous to miscast (7% risk of failure)!
Continue anyway?
You miscast Swiftness.
You are very lightly contaminated with residual magic.
Nothing appears to happen.
The phantom hits you.
* * * LOW HITPOINT WARNING * * *
The phantom blinks!
You blink.
Splash!
You fall into the shallow water.
Moving in this stuff is going to be slow.
Casting: Swiftness (quite dangerous; 7% risk of failure)
Confirm with . or Enter, or press ? or * to list all spells.
The spell is quite dangerous to miscast (7% risk of failure)!
Continue anyway?
The water foams!
You feel quick.
The phantom hits you but does no damage.
The phantom hits you.
* * * LOW HITPOINT WARNING * * *
The phantom blinks!
You blink.
Splash!
The phantom barely misses you.
You start to feel a little slower.
The phantom hits you.
* * * LOW HITPOINT WARNING * * *
The phantom blinks!
You blink.
Splash!
Unknown command.
Your magical contamination has completely faded away.
The phantom hits you.
* * * LOW HITPOINT WARNING * * *
The phantom blinks!
You blink.
Splash!
Unknown command.
You feel sluggish. The phantom closely misses you.
The phantom closely misses you. The phantom closely misses you.
You start to feel a little faster.
The phantom hits you.
You die...

♣≈≈≈≈≈≈≈≈≈≈≈♣♣##..###.###.####.#.
≈≈≈P≈≈≈≈≈≈≈♣♣###..# #.# #.####...
≈♣≈≈≈≈≈≈♣≈≈≈♣.....###.###........
≈≈≈≈≈≈≈≈≈♣≈≈♣####.........#####..
.≈♣≈≈P≈≈)≈≈≈♣########.##### #(.
.≈P≈≈≈≈PP≈♣♣....# #.....# #..
.≈≈♣≈≈≈≈≈♣≈≈....####..>..######..
.##≈≈≈≈≈♣♣♣.....#......)..<......
#.#.P♣♣≈≈......W@................
##.#.♣♣♣#.......#................
#.....##.......##.#.###.######..
###(#.##.......##.#.###.# #..
#.#.##.########.#.##..# #..
#>.....# #.......######..
###.###############..#........
##.#.........#####.##.#####..
#....#######.##..............


You could see a phantom.

Vanquished Creatures
  5 dart slugs
  An orc (D:3)
  6 bats
  7 endoplasms
  4 giant cockroaches
  5 goblins
  5 hobgoblins
  3 jackals (D:1)
  8 kobolds
  4 quokkas
  6 ball pythons
  5 frilled lizards
  2 rats
61 creatures vanquished.

Vanquished Creatures (others)
  18 plants (D:3)
18 creatures vanquished.

Grand Total: 79 creatures vanquished

Notes
Turn   | Place    | Note
-------+----------+-------------------------------------------
     0 | D:1      | browni3141 the Human Air Elementalist began the quest for
                  | the Orb.
     0 | D:1      | Reached XP level 1. HP: 13/13 MP: 3/3
   101 | D:1      | Reached XP level 2. HP: 19/19 MP: 0/5
   224 | D:1      | Learned a level 2 spell: Static Discharge
   774 | D:1      | Reached skill level 4 in Air Magic
   774 | D:1      | Reached XP level 3. HP: 24/24 MP: 1/6
  1266 | D:1      | Found a faded altar of an unknown god.
  1538 | D:1      | Learned a level 3 spell: Swiftness
  1930 | D:2      | Reached XP level 4. HP: 28/30 MP: 5/7
  2803 | D:3      | Reached skill level 5 in Air Magic
  2899 | D:3      | Found Xecsitugg's Assorted Antiques.
  3217 | D:4      | Noticed a phantom
  3349 | D:3      | Slain by a phantom

Illustrated notes

Levels and vault maps discovered:
D:1:      onia_arrival_pyramid, layout_loops_cross,
          shapermc_ecumenical_altar_flowoftime
D:2:      layout_loops_ring, minmay_misc_feat_enclosed
D:3:      layout_loops_cross, serial_shops, nicolae_shop_trees,
          serial_bayou_lake_a
D:4:      layout_cave_pools, gammafunk_ghost_icy

Skill      XL: |  1  2  3  4 |
---------------+-------------+-----
Air Magic      | 4 5 |  5.1
Dodging        | |  2.0
Stealth        | |  2.0
Spellcasting   | |  2.0
Conjurations   | |  1.0

Action                   |  1- 3 |  4- 6 || total
-------------------------+-------+-------++-------
Melee: Dagger            |    15 |    40 ||    55
 Cast: Shock             |    70 |    51 ||   121
       Static Discharge  |     2 |       ||     2
       Swiftness         |       |     1 ||     1
 Stab: Distracted        |       |     1 ||     1
       Sleeping          |       |     1 ||     1
Armor: Robe              |    11 |     9 ||    20
Dodge: Dodged            |    27 |    28 ||    55

Table legend: (Time is in decaauts)
 A = Elapsed time spent in this place.
 B = Non-inter-level travel time spent in this place.
 C = Inter-level travel time spent in this place.
 D = Time resting spent in this place.
 E = Time spent auto-exploring this place.
 F = Levels seen in this place.
 G = Mean time per level.
                   A        B        C        D        E       F      G
               +--------+--------+--------+--------+--------+-----+--------+
         Total |   3367 |   3251 |    116 |    236 |   2381 |   4 |  841.8 |
       Dungeon |   3367 |   3251 |    116 |    236 |   2381 |   4 |  841.8 |
               +--------+--------+--------+--------+--------+-----+--------+

Top non-repeatable levels by time:
     D:1: 1538 daAuts
     D:3: 961 daAuts
     D:2: 847 daAuts
     D:4: 20 daAuts
